 Dungeon Crawl Stone Soup version 0.27.0-1-g7a089689b8 (webtiles) character file.

Game seed: 8591507816135326346

4239 Anothat the Cleaver (level 10, -3/94 HPs)
             Began as a Hill Orc Fighter on Aug 9, 2021.
             Was an Initiate of Beogh.
             Slain by Grum (9 damage)
             ... on level 8 of the Dungeon.
             The game lasted 00:21:03 (9624 turns).

Anothat the Cleaver (Hill Orc Fighter)              Turns: 9624, Time: 00:21:04

Health: -3/94      AC:  8    Str: 23    XL:     10   Next: 30%
Magic:  10/10      EV:  9    Int:  8    God:    Beogh [......]
Gold:   312        SH:  0    Dex: 10    Spells: 9/9 levels left

rFire    + . .     SeeInvis .   a - +0 war axe
rCold    + . .     Faith    .   (no shield)
rNeg     . . .     Spirit   .   b - +0 scale mail
rPois    +         Reflect  .   (no helmet)
rElec    +         Harm     .   h - +0 cloak
rCorr    +         Rampage  .   (no gloves)
Will     .....                  (no boots)
Stlth    ..........             (no amulet)
HPRegen  0.25/turn              (no ring)
MPRegen  0.12/turn              (no ring)

@: confused, resistant, ambrosia-drunk, attractive, very slightly contaminated,
invisible
A: no striking features
a: Renounce Religion


You were on level 8 of the Dungeon.
You worshipped Beogh.
Beogh was noncommittal.
You visited 1 branch of the dungeon, and saw 8 of its levels.

You collected 312 gold pieces.

Inventory:

Hand Weapons
 a - a +0 war axe (weapon)
Armour
 b - a +0 scale mail (worn)
 c - a +0 kite shield
 f - a +0 tower shield
 h - a +0 cloak (worn)
Magical Staves
 g - a staff of conjuration
Jewellery
 k - a +6 ring of strength
 p - a +6 ring of intelligence
 z - an amulet of reflection
Wands
 q - a wand of digging (2)
 s - a wand of flame (15)
Scrolls
 d - 4 scrolls of teleportation {unknown}
 i - a scroll of immolation
 n - a scroll of brand weapon {unknown}
 o - a scroll of blinking {unknown}
 v - 4 scrolls of identify
 y - 2 scrolls of fog {unknown}
Potions
 j - 2 potions of cancellation
 r - 2 potions of lignification
 t - a potion of magic
 x - a potion of flight {unknown}
 A - a potion of attraction


   Skills:
 + Level 10.7 Fighting
 * Level 14.9 Axes
 - Level 3.2 Armour
 - Level 3.2 Shields


You had 9 spell levels left.
You didn't know any spells.
Your spell library contained the following spells:

 Spells                   Type           Power      Damage    Failure   Level
 Stone Arrow              Conj/Erth      0%         3d7       97%         3
 Bolt of Magma            Conj/Fire/Erth 0%         4d4       100%        5
 Shatter                  Erth           0%         3d5*      100%        9


Dungeon Overview and Level Annotations

Branches:
Dungeon (8/15)             Temple (0/1) D:4
   Lair: D:8-11

Altars:
Ashenzari
Fedhas
Vehumet
Xom

Annotations:
D:3 2 transporters, Suckerboh's ghost, amateur DsAr
D:8 Grum


Message History

Okay, then.
It was a potion of invisibility.
You fade into invisibility!
Grum barely misses you. The wolf misses you.
You are very lightly contaminated with residual magic.
Press: ? - help, v - describe, . - travel
Here: a wolf (almost dead)
The floor, spattered with blood.
You barely miss the wolf.
The wolf is almost dead.
The wolf bites you but does no damage.
Press: ? - help, v - describe, . - travel
Here: Grum, wielding a -1 glaive and wearing a +0 animal skin The floor, spattered with blood.
Okay, then.
Okay, then.
As you read the scroll of fear, it crumbles to dust.
You assume a fearsome visage.
Grum looks frightened!
The wolf looks frightened! x2
The wolf is pulled toward you! x2
Grum is pulled toward you! The wolf is pulled toward you! x2
Grum is pulled toward you!
Grum hits you from afar with a -1 glaive!
* * * LOW HITPOINT WARNING * * *
Grum is pulled toward you!
Press: ? - help, v - describe, . - travel The floor, spattered with blood.
As you read the scroll of fear, it crumbles to dust.
You assume a fearsome visage.
Nothing appears to happen.
Grum stares intently and grunts.
Grum hits you but does no damage.
Okay, then.
It was a potion of resistance.
You feel protected. Grum closely misses you.
Okay, then.
Okay, then.
It was a potion of ambrosia.
You are confused.
You feel invigorated. Grum hits you with a -1 glaive!
You die...

#.# ..# #.#.# #####.#####..#
... #.... ..)..........##...
#.#.# #####.............
#.#.# ###......###.# #.#.#
#......# #.## #.#.# ##
#......# #..# #)#.# .#
#......# #..###.#.# .#
#......###@.......#### .#
#..........g.........# . .#
#......#####..###รท##.#####.
.# #......# ##.# #....#.....
.# #......# #.# #....#.....
.# ######## #h# #....#.....
.# #.###.##.#...#.
#..##..........
#..##.##.#...#.


You could see Grum.

Vanquished Creatures
  A two-headed ogre (D:8)
  Grinder (D:5)
  A wyvern (D:8)
  A steam dragon (D:7)
  Edmund (D:6)
  A water moccasin (D:5)
  An orc warrior (D:8)
  A hornet zombie (D:5)
  3 sky beasts
  4 ice beasts
  A necrophage (D:5)
  A black bear (D:5)
  2 wolves (D:8)
  3 centaurs
  A scorpion (D:5)
  A bullfrog (D:6)
  A water moccasin skeleton (D:5)
  A howler monkey (D:6)
  A bullfrog zombie (D:6)
  2 centaur zombies
  A hound (D:5)
  2 jellies (D:5)
  A gnoll shaman (D:7)
  A bullfrog skeleton (D:6)
  2 iguanas
  Ijyb (D:5)
  4 orc wizards
  A scorpion zombie (D:5)
  2 hound skeletons
  A howler monkey zombie (D:7)
  9 gnolls
  8 adders
  A shadow imp (D:8)
  A white imp (D:7)
  2 ufetubi (D:5)
  A worm (D:2)
  9 orcs
  4 ball pythons
  3 endoplasms
  4 giant cockroaches
  3 goblins
  3 hobgoblins
  4 jackals (D:1)
  4 kobolds
  6 quokkas
  4 bats
  4 frilled lizards
  11 rats
126 creatures vanquished.

Vanquished Creatures (others)
  Erica (D:8)
1 creature vanquished.

Grand Total: 127 creatures vanquished

Notes
Turn   | Place    | Note
-------+----------+-------------------------------------------
     0 | D:1      | Anothat the Hill Orc Fighter began the quest for the Orb.
     0 | D:1      | Reached XP level 1. HP: 19/19 MP: 1/1
   102 | D:1      | Reached skill level 3 in Axes
   265 | D:1      | Reached XP level 2. HP: 22/27 MP: 2/2
   665 | D:1      | Reached skill level 4 in Axes
   700 | D:1      | You fall into a shaft and drop 1 floor!
   760 | D:2      | Reached XP level 3. HP: 33/33 MP: 3/3
  1996 | D:3      | Noticed Suckerboh's ghost (amateur DsAr)
  2221 | D:3      | Found a broken altar of Ashenzari.
  2419 | D:3      | Found a transporter.
  2420 | D:3      | Found a transporter.
  2560 | D:4      | Reached XP level 4. HP: 40/41 MP: 4/4
  2640 | D:4      | Found a blossoming altar of Fedhas.
  2708 | D:4      | Found a shimmering altar of Xom.
  2768 | D:4      | Reached skill level 5 in Axes
  3239 | D:4      | Found a staircase to the Ecumenical Temple.
  3246 | D:4      | Reached XP level 5. HP: 45/47 MP: 5/5
  3369 | D:5      | Entered Level 5 of the Dungeon
  3369 | D:5      | Noticed a necrophage
  3669 | D:5      | Reached skill level 5 in Fighting
  3669 | D:5      | Reached skill level 6 in Axes
  4086 | D:5      | Noticed a water moccasin
  4103 | D:5      | Killed a water moccasin
  4104 | D:5      | Reached skill level 7 in Axes
  4104 | D:5      | Reached XP level 6. HP: 48/57 MP: 6/6
  4423 | D:5      | Killed a necrophage
  4554 | D:5      | Noticed Grinder
  4568 | D:5      | Paralysed by Grinder for 5 turns
  4573 | D:5      | Killed Grinder
  4574 | D:5      | Reached skill level 8 in Axes
  4574 | D:5      | Reached XP level 7. HP: 43/64 MP: 7/7
  4703 | D:5      | Reached skill level 9 in Axes
  4946 | D:5      | Noticed Ijyb
  4961 | D:5      | Killed Ijyb
  5091 | D:5      | Reached XP level 8. HP: 73/73 MP: 8/8
  5118 | D:5      | Reached skill level 10 in Axes
  5423 | D:5      | Found a radiant altar of Vehumet.
  6039 | D:6      | Reached skill level 11 in Axes
  6615 | D:6      | Noticed Edmund
  6624 | D:6      | Killed Edmund
  6735 | D:6      | Reached XP level 9. HP: 61/82 MP: 9/9
  6876 | D:6      | Reached skill level 12 in Axes
  8642 | D:8      | Noticed a two-headed ogre
  8643 | D:8      | Reached skill level 13 in Axes
  9018 | D:8      | Became a worshipper of Beogh the Brigand
  9021 | D:8      | Noticed Erica
  9036 | D:8      | Killed Erica
  9037 | D:8      | Reached skill level 10 in Fighting
  9037 | D:8      | Reached skill level 14 in Axes
  9037 | D:8      | Reached XP level 10. HP: 35/93 MP: 10/10
  9380 | D:8      | Killed a two-headed ogre
  9577 | D:8      | Noticed Grum
  9621 | D:8      | HP: 3/94 [Grum (17)]
  9624 | D:8      | Slain by Grum

Illustrated notes

Levels and vault maps discovered:
D:1:      saegor_arrival_simple_d, layout_rooms, serial_curves, eino_curves_02,
          eino_curves_03, hellmonk_ecumenical_altar_leap_of_faith
D:2:      layout_basic, chequers_serial_rivers_micro_e, palyth_stone_intersect
D:3:      layout_loops_ring, cheibrodos_ashenzari_chains, gammafunk_ghost_arena
D:4:      layout_basic, mainiacjoe_overflow_surrounded_room,
          mainiacjoe_overflow_chevrons, temple_green, nrook_campfire,
          minmay_fountain_box, minivault_11, minmay_bent
D:5:      layout_loops_corners, st_stairs_11, minmay_ruined_shrine,
          uniq_grinder, uniq_ijyb
D:6:      layout_basic, uniq_edmund
D:7:      layout_basic, serial_corexii_hall, corexii_hall_statues_u,
          chequers_hall_statues_wall_a
D:8:      layout_basic, lemuel_doored_altar, nicolae_qazlal_eye_of_the_storm,
          lair_entry_dummy, uniq_grum, uniq_erica

Skill      XL: |  1  2  3  4  5  6  7  8  9 |
---------------+----------------------------+-----
Axes           | 3 4 5 7 8 9 11 14 | 14.9
Fighting       | 4 5 6 7 8 10 | 10.7
Armour         | |  3.2
Shields        | |  3.2

Action                   |  1- 3 |  4- 6 |  7- 9 | 10-12 || total
-------------------------+-------+-------+-------+-------++-------
Melee: War axe           |   156 |    90 |   271 |    36 ||   553
Throw: Throwing net      |       |       |     2 |       ||     2
Invok: Convert to Beogh  |       |       |     1 |       ||     1
Evoke: Wand              |       |       |     8 |     4 ||    12
  Use: Potion            |       |     4 |     3 |     4 ||    11
       Scroll            |       |     8 |       |     2 ||    10
 Stab: Held in net/web   |       |       |     1 |       ||     1
Armor: Scale mail        |   115 |    50 |   142 |    22 ||   329
Dodge: Dodged            |   101 |    46 |   115 |    22 ||   284
